 Dungeon Crawl Stone Soup version 0.31-a0-486-g8d68a81214 (webtiles) character file.

Game seed: 4843127664524836149

30934 GloriousHammer the Covert (level 13, -3/80 HPs)
             Began as a Kobold Enchanter on Aug 6, 2023.
             Was an Elder of Dithmenos.
             Engulfed by a fire crab's flame (12 damage)
             ... on level 5 of the Lair of Beasts on Aug 7, 2023.
             The game lasted 00:54:28 (20039 turns).

GloriousHammer the Covert (Kobold Enchanter)       Turns: 20039, Time: 00:54:29

Health: -3/80      AC: 12    Str:  5    XL:     13   Next: 92%
Magic:  17/19      EV: 37    Int: 17    God:    Dithmenos [****..]
Gold:   356        SH:  9    Dex: 20    Spells: 2/16 levels left

rFire   . . .        s - +4 dagger (venom)
rCold   + . .        K - +3 buckler
rNeg    . . .        H - +2 robe {rC+}
rPois   +            p - +0 helmet
rElec   .            e - +2 cloak
rCorr   .            a - +2 pair of gloves
SInv    .            S - +0 pair of boots
Will    .....        h - amulet of the acrobat
Stlth   ++++++++++   P - ring of poison resistance
HPRegen 0.33/turn    Y - +4 ring of slaying
MPRegen 0.16/turn

%: acrobat
@: sluggish, acrobatic, wreathed by umbra, invisible, very slow
A: small, no large weapons, nightstalker 3
a: Renounce Religion, Shadow Step


You were on level 5 of the Lair of Beasts.
You worshipped Dithmenos.
Dithmenos was greatly pleased with you.
You visited 3 branches of the dungeon, and saw 16 of its levels.

You collected 906 gold pieces.
You spent 550 gold pieces at shops.

Inventory:

Hand Weapons
 i - a +0 arbalest
 s - a +4 dagger of venom (weapon)
 R - a +2 vampiric dagger
 W - a +0 rapier
Missiles
 k - 48 poisoned darts (quivered)
 V - 11 curare-tipped darts
Armour
 a - a +2 pair of gloves (worn)
 e - a +2 cloak (worn)
 p - a +0 helmet (worn)
 H - a +2 robe of cold resistance (worn)
 K - a +3 buckler (worn)
 S - a +0 pair of boots (worn)
Jewellery
 h - an amulet of the acrobat (around neck)
 j - the ring "Poczales" {Str+6 Dex+4}
   (You found it on level 6 of the Dungeon)

   [ring of strength]

   Str:       It affects your strength (+6).
   Dex:       It affects your dexterity (+4).
 C - a ring of ice
 F - a ring of fire
 J - an amulet of faith
 L - a ring of flight
 M - a ring of magical power
 P - a ring of poison resistance (left hand)
 Y - a +4 ring of slaying (right hand)
Wands
 t - a wand of flame (56)
 x - a wand of light (4)
 z - a wand of roots (24)
 G - a wand of paralysis (12)
 T - a wand of digging (1)
Scrolls
 f - a scroll of butterflies
 g - a scroll of vulnerability
 r - 2 scrolls of torment {unknown}
 v - 3 scrolls of amnesia
 w - 3 scrolls of poison
 y - 2 scrolls of fog
 A - 2 scrolls of enchant armour
 E - 3 scrolls of immolation {unknown}
 I - a scroll of identify
 Q - 2 scrolls of blinking
 X - 2 scrolls of revelation
 Z - a scroll of fear {unknown}
Potions
 b - a potion of degeneration {unknown}
 d - 3 potions of magic
 l - 7 potions of curing
 m - a potion of brilliance {unknown}
 n - 4 potions of might
 o - 2 potions of haste
 q - 2 potions of berserk rage {unknown}
 u - a potion of attraction {unknown}
 B - 4 potions of mutation
 D - 2 potions of lignification {unknown}
 N - 2 potions of enlightenment {unknown}
 U - a potion of resistance {unknown}
Miscellaneous
 O - a sack of spiders


   Skills:
 + Level 8.8 Fighting
 - Level 10.0 Short Blades
 + Level 11.7 Dodging
 + Level 13.0 Stealth
 - Level 4.0 Shields
 - Level 2.1 Spellcasting
 - Level 4.0 Conjurations
 - Level 8.9 Hexes
 - Level 3.0 Transmutations
 - Level 6.0 Air Magic
 - Level 3.0 Earth Magic
 + Level 9.0 Invocations


You had 2 spell levels left.
You knew the following spells:

 Your Spells              Type           Power      Damage    Failure   Level
a - Confusing Touch       Hex            32%        N/A       2%          3
b - Tukima's Dance        Hex            32%        N/A       2%          3
c - Dazzling Flash        Conj/Hex       46%        N/A       7%          3
d - Swiftness             Air            22%        N/A       9%          3
e - Passwall              Tmut/Erth      10%        N/A       14%         2

Your spell library contained the following spells:

 Spells                   Type           Power      Damage    Failure   Level
 Static Discharge         Conj/Air       36%        2-4/arc   6%          2
 Ensorcelled Hibernation  Hex/Ice        34%        N/A       8%          2
 Sandblast                Erth           24%        2d8       10%         1
 Freeze                   Ice            4%         1d3       32%         1
 Scorch                   Fire           2%         2d5       45%         2
 Portal Projectile        Hex/Tloc       34%        N/A       16%         3
 Stone Arrow              Conj/Erth      26%        3d8       24%         3
 Airstrike                Air            11%        2d(2-18)  28%         4
 Leda's Liquefaction      Hex/Erth       11%        N/A       28%         4
 Hailstorm                Conj/Ice       8%         3d4       41%         3
 Summon Lightning Spire   Summ/Air       12%        N/A       67%         4
 Call Canine Familiar     Summ           1%         N/A       69%         3
 Frozen Ramparts          Ice            2%         1d1       69%         3
 Flame Wave               Conj/Fire      8%         2d5       82%         4
 Manifold Assault         Tloc           1%         N/A       97%         4
 Dispersal                Tloc           0%         N/A       100%        6
 Summon Cactus Giant      Summ           0%         N/A       100%        6
 Disjunction              Tloc           0%         N/A       100%        8


Dungeon Overview and Level Annotations

Branches:
Dungeon (10/15)            Temple (1/1) D:7            Lair (5/5) D:10
 Shoals (0/4) Lair:2       Spider (0/4) Lair:2        Slime (0/5) Lair:4
    Orc: D:9-12

Altars:
Ashenzari
Cheibriados
Dithmenos
Fedhas
Gozag
Hepliaklqana
Kikubaaqudgha
Makhleb
Nemelex Xobeh
Okawaru
Qazlal
Ru
Sif Muna
Trog
Uskayaw
Vehumet
Wu Jian
Xom
Yredelemnul
Zin
The Shining One

Shops:
D:2 ?[:   D:3 [   D:5 ?   D:6 *

Annotations:
D:6 1 transporter
D:7 exclusion: downstairs
D:8 dig vault


Innate Abilities, Weirdness & Mutations

You are small and have problems with some larger weapons.
You are completely attuned to the shadows.


Message History

There is a stone staircase leading up here.
A rime drake comes into view.
The rime drake completely misses you. x2
You hit the rime drake.
The rime drake is poisoned.
The rime drake is moderately wounded.
Your shadow hits the rime drake but does no damage.
You puncture the rime drake!
The rime drake is heavily wounded.
You block the rime drake's attack.
You barely miss the rime drake.
The rime drake is heavily wounded.
The rime drake breathes ice at you. You block the icy flash freeze.
You closely miss the rime drake.
The rime drake is heavily wounded.
You hit the rime drake.
The rime drake is heavily wounded.
The rime drake bites you but does no damage.
You hit the rime drake.
The rime drake looks as sick as possible!
The rime drake is severely wounded.
You block the rime drake's attack.
You closely miss the rime drake.
The rime drake is severely wounded.
You puncture the rime drake!
You kill the rime drake!
Dithmenos accepts your kill.
Your Stealth skill increases to level 13!
A water moccasin comes into view.
A five-headed hydra comes into view.
The five-headed hydra moves out of view.
The helpless water moccasin fails to defend itself.
You perforate the water moccasin like a sieve!!!!
You kill the water moccasin!
Dithmenos accepts your kill.
Unknown command.
Okay, then.
A skyshark comes into view.
A skyshark is nearby!
Found a stone staircase leading up.
A rime drake comes into view.
A fire crab comes into view.
The rime drake hisses angrily.
You puncture the rime drake!
The rime drake looks as sick as possible!
The rime drake is moderately wounded.
The rime drake completely misses you. The fire crab breathes flames at you.
The blast of flame misses you.
You hit the rime drake but do no damage.
The rime drake looks as sick as possible!
The rime drake is heavily wounded.
You are engulfed in blazing flames.
The rime drake is engulfed in blazing flames.
The rime drake breathes ice at you. The icy flash freeze misses you.
You are engulfed in blazing flames.
The fire crab breathes flames at you. The blast of flame misses you.
The rime drake is engulfed in blazing flames.
The rime drake dies!
You hit the fire crab but do no damage.
The fire crab is poisoned.
The fire crab breathes flames at you.
The blast of flame engulfs you but does no damage.
Casting: Confusing Touch (mildly dangerous; 2% risk of failure)
Confirm with . or Enter, or press ? or * to list all spells.
Your hands begin to glow red.
You are engulfed in blazing flames.
You block the fire crab's attack. x2
You hit the fire crab but do no damage.
The fire crab is lightly wounded.
You are engulfed in blazing flames.
You hit the fire crab but do no damage.
The fire crab is lightly wounded.
You are engulfed in blazing flames.
* * * LOW HITPOINT WARNING * * *
The fire crab completely misses you. The fire crab claws you!
* * * LOW HITPOINT WARNING * * *
You are engulfed in flames!
* * * LOW HITPOINT WARNING * * *
Okay, then.
Blink to where?
Press: ? - help, Dir - move target
As you read the scroll of blinking, it crumbles to dust.
Casting: Confusing Touch (mildly dangerous; 2% risk of failure)
Confirm with . or Enter, or press ? or * to list all spells.
You feel quick.
You start to feel a little slower.
Your hands stop glowing.
You feel sluggish.
Casting: Swiftness (dangerous; 9% risk of failure)
Confirm with . or Enter, or press ? or * to list all spells.
Okay, then.
Okay, then.
You fade into invisibility!
The fire crab breathes flames at you. The blast of flame misses you.
You hit the fire crab but do no damage.
The fire crab is poisoned.
The fire crab is heavily wounded.
Your shadow hits the fire crab with a dagger.
You die...

## ### .##### ###
#.###..#.###### ##.##### #
###.##.#...##°.####..#.#.###
###.........°°°°..............
#..........°t@°.......P###.P..
#.P...#t##.###°..P....## ###..
#P...#..P#.# #°..##..#.# #..
##...t#....# ##..##...... ...
##.P....... ...##......
#...##..... ..# #..P##......#
#.t####.##..# #...# ###.##


You could see a fire crab (unable to see you, very poisoned).

Vanquished Creatures
  Gastronok (Lair:3)
  2 hydras
  Erica (D:8)
  A catoblepas (Lair:3)
  A two-headed ogre (D:8)
  3 death yaks
  2 skysharks
  Amaemon (Lair:2)
  Sonja (Lair:2)
  Pikel (D:6)
  A manticore (Lair:5)
  A black mamba (Lair:3)
  An orange demon (Lair:2)
  10 cane toads
  11 komodo dragons
  4 rime drakes
  A meliai (Lair:2)
  4 polar bears
  A hornet (D:7)
  Grinder (D:3)
  9 blink frogs
  A snapping turtle (Lair:5)
  A shadow (D:9)
  A wraith (D:10)
  4 wyverns
  3 basilisks
  28 yaks
  Eustachio (D:5)
  3 vampire mosquitoes (D:10)
  2 acid dragons
  11 water moccasins
  Duvessa (D:6)
  An orc warrior (D:7)
  An ice beast (D:6)
  A black bear (D:4)
  3 centaurs
  6 wolves (Lair:3)
  A phantom (D:7)
  8 bullfrogs
  3 kobold brigands (D:9)
  3 scorpions
  9 wights (D:8)
  Dowan (D:6)
  14 killer bees
  2 howler monkeys
  An electric eel (Lair:2)
  3 hounds
  4 orc priests
  5 iguanas
  5 orc wizards
  2 sleepcaps
  7 hell rats (Lair:3)
  6 adders
  16 river rats (Lair:3)
  2 shadow imps
  2 white imps
  An ufetubus (D:4)
  2 worms
  8 dart slugs
  27 orcs
  4 bats
  5 endoplasms
  4 giant cockroaches
  11 goblins
  6 hobgoblins
  2 jackals (D:2)
  9 quokkas
  6 ball pythons
  3 frilled lizards
  20 kobolds
  16 rats
344 creatures vanquished.

Vanquished Creatures (others)
  A rime drake (Lair:5)
1 creature vanquished.

Grand Total: 345 creatures vanquished

Notes
Turn   | Place    | Note
-------+----------+-------------------------------------------
     0 | D:1      | GloriousHammer the Kobold Enchanter began the quest for the
                  | Orb.
     0 | D:1      | Reached XP level 1. HP: 10/10 MP: 3/3
   185 | D:1      | Reached XP level 2. HP: 15/15 MP: 5/5
   511 | D:1      | Reached XP level 3. HP: 12/19 MP: 6/6
   988 | D:2      | Reached XP level 4. HP: 24/24 MP: 7/7
  1038 | D:2      | Found Atzuozuh's Antique Armour Boutique.
  1097 | D:2      | Found Weczuoru's Magic Scroll Boutique.
  1103 | D:2      | Bought a scroll of enchant weapon for 82 gold pieces
  1103 | D:2      | Bought a scroll of identify for 22 gold pieces
  1279 | D:2      | Found Ubruc's Book Emporium.
  1802 | D:3      | Found Pithrif's Antique Armour Boutique.
  1916 | D:3      | Reached skill level 5 in Stealth
  1953 | D:3      | You fall into a shaft and drop 1 floor!
  1964 | D:4      | Found a blossoming altar of Fedhas.
  2103 | D:3      | Noticed a scorpion
  2107 | D:3      | Killed a scorpion
  2108 | D:3      | Reached XP level 5. HP: 28/28 MP: 8/8
  2249 | D:3      | Noticed Grinder
  2255 | D:3      | Killed Grinder
  2256 | D:3      | Reached skill level 5 in Short Blades
  2256 | D:3      | Reached skill level 6 in Stealth
  2256 | D:3      | Reached XP level 6. HP: 31/32 MP: 9/9
  2514 | D:3      | Found an iron altar of Okawaru.
  2514 | D:3      | Found a shimmering altar of Xom.
  2514 | D:3      | Found a hazy altar of Hepliaklqana.
  2544 | D:3      | Upgraded the game from 0.31-a0-466-g98c9adc2b6 to
                  | 0.31-a0-473-g61b50ae490
  2592 | D:4      | Reached XP level 7. HP: 36/36 MP: 10/10
  2670 | D:4      | Found a sacrificial altar of Ru.
  2694 | D:4      | Reached skill level 7 in Stealth
  3423 | D:4      | Reached skill level 5 in Hexes
  3901 | D:5      | Entered Level 5 of the Dungeon
  3937 | D:5      | Found Gehif's Magic Scroll Emporium.
  3939 | D:5      | Noticed a water moccasin
  3943 | D:5      | Killed a water moccasin
  3944 | D:5      | Reached XP level 8. HP: 41/41 MP: 11/11
  3947 | D:5      | Bought a scroll of noise for 12 gold pieces
  3947 | D:5      | Bought a scroll of teleportation for 36 gold pieces
  3997 | D:5      | Reached skill level 8 in Stealth
  4352 | D:5      | Noticed Eustachio
  4365 | D:5      | Killed Eustachio
  4984 | D:5      | Found a basalt altar of Yredelemnul.
  5127 | D:5      | Bought a scroll of blinking for 90 gold pieces
  5234 | D:6      | Reached skill level 9 in Stealth
  5365 | D:6      | Identified the +9 quarterstaff of the Gnashing Gods {holy,
                  | rPois Int+5}
  5435 | D:6      | Noticed a cyclops
  5493 | D:6      | Found Tefuott's Assorted Antiques.
  5497 | D:6      | Identified the ring "Poczales" {Str+6 Dex+4}
  5501 | D:6      | Bought a scroll of identify for 52 gold pieces
  5554 | D:6      | Noticed Pikel
  6118 | D:6      | Found a sparkling altar of Nemelex Xobeh.
  6119 | D:6      | Found a transporter.
  6121 | D:6      | Noticed a gargoyle
  6368 | D:7      | Reached XP level 9. HP: 27/45 MP: 12/12
  6799 | D:7      | Noticed a hornet
  6807 | D:7      | Killed a hornet
  6808 | D:7      | Reached skill level 10 in Stealth
  7359 | D:7      | Found a staircase to the Ecumenical Temple.
  7366 | Temple   | Entered the Ecumenical Temple
  7394 | Temple   | Became a worshipper of Dithmenos the Shadowed
  7526 | D:7      | Found a glowing silver altar of Zin.
  8451 | D:8      | Noticed a two-headed ogre
  8463 | D:8      | Reached skill level 11 in Stealth
  8464 | D:8      | Killed a two-headed ogre
  8465 | D:8      | Reached skill level 10 in Short Blades
  8465 | D:8      | Reached XP level 10. HP: 50/50 MP: 13/13
  8737 | D:8      | Learned a level 3 spell: Confusing Touch
  8741 | D:8      | Learned a level 3 spell: Tukima's Dance
  8745 | D:8      | Learned a level 3 spell: Dazzling Flash
  8750 | D:8      | Learned a level 4 spell: Airstrike
  8876 | D:8      | Reached skill level 12 in Stealth
  8876 | D:8      | Reached skill level 1 in Air Magic
  8949 | D:8      | Reached skill level 1 in Conjurations
  9069 | D:8      | Noticed Erica
  9073 | D:8      | Killed Erica
  9073 | D:8      | Reached * piety under Dithmenos
  9303 | D:9      | Learned a level 3 spell: Swiftness
  9483 | D:9      | Reached skill level 1 in Invocations
  9501 | D:9      | Found a broken altar of Ashenzari.
 10425 | D:10     | Entered Level 10 of the Dungeon
 10429 | D:10     | Found an opulent altar of Gozag.
 10599 | D:10     | Reached skill level 1 in Fighting
 10622 | D:10     | Found a staircase to the Lair.
 10693 | D:10     | Reached skill level 1 in Shields
 10693 | D:10     | Reached XP level 11. HP: 42/56 MP: 14/14
 10864 | Lair:1   | Entered Level 1 of the Lair of Beasts
 11011 | Lair:1   | Reached ** piety under Dithmenos
 11265 | Lair:1   | Reached skill level 5 in Dodging
 11582 | Lair:1   | Identified the +2 hat "Trusted Companion" {Str+2 Int+5}
 12083 | Lair:2   | Found a hole to the Spider Nest.
 12407 | Lair:2   | Reached skill level 5 in Air Magic
 12674 | Lair:2   | Found a staircase to the Shoals.
 12747 | Lair:2   | Noticed Amaemon
 12752 | Lair:2   | Killed Amaemon
 12779 | Lair:2   | Noticed Sonja
 12783 | Lair:2   | Killed Sonja
 12999 | D:10     | Reached skill level 5 in Invocations
 13001 | D:10     | Reached XP level 12. HP: 67/67 MP: 15/15
 13370 | Lair:2   | Reached skill level 5 in Fighting
 14019 | Lair:2   | Learned a level 2 spell: Passwall
 14035 | Lair:3   | Reached skill level 1 in Transmutations
 14038 | Lair:3   | Reached skill level 1 in Earth Magic
 14054 | Lair:3   | Noticed Gastronok
 14059 | Lair:3   | Killed Gastronok
 14060 | Lair:3   | Noticed a skyshark
 14074 | Lair:3   | Killed a skyshark
 14245 | Lair:3   | Upgraded the game from 0.31-a0-473-g61b50ae490 to
                  | 0.31-a0-486-g8d68a81214
 14312 | Lair:3   | Noticed a catoblepas
 14343 | Lair:3   | Reached *** piety under Dithmenos
 14938 | Lair:3   | Noticed a six-headed hydra
 14962 | Lair:3   | Killed a six-headed hydra
 14963 | Lair:3   | Reached XP level 13. HP: 70/75 MP: 11/18
 15064 | Lair:3   | Reached skill level 10 in Dodging
 15068 | Lair:3   | Reached **** piety under Dithmenos
 15101 | Lair:3   | You fall into a shaft and drop 1 floor!
 15186 | Lair:4   | Found a radiant altar of Vehumet.
 15978 | Lair:3   | Killed a catoblepas
 17366 | Lair:4   | Found a staircase to the Slime Pits.
 17969 | Lair:3   | HP: 2/79 [death yak (23)]
 18496 | D:6      | Bought a tiny bone amulet for 130 gold pieces
 18607 | D:6      | Noticed Dowan
 18611 | D:6      | Noticed Duvessa
 18616 | D:6      | Killed Duvessa
 18623 | D:6      | Killed Dowan
 18735 | D:6      | Killed Pikel
 19047 | D:2      | Bought a scroll of fog for 44 gold pieces
 19047 | D:2      | Bought a scroll of revelation for 82 gold pieces
 19506 | Lair:5   | Entered Level 5 of the Lair of Beasts
 19612 | Lair:5   | Noticed a four-headed hydra
 19616 | Lair:5   | Killed a four-headed hydra
 19633 | Lair:5   | Noticed a six-headed hydra
 19911 | Lair:5   | Reached skill level 13 in Stealth
 19916 | Lair:5   | Noticed a five-headed hydra
 20012 | Lair:5   | HP: 1/80 [fire crab (15)]
 20039 | Lair:5   | Engulfed by a fire crab's flame

Illustrated notes

Levels and vault maps discovered:
D:1:      tekkud_arrival_beachfront_property, layout_rooms, minmay_heptomino_o4
D:2:      layout_loops_ring, serial_shops, nicolae_lakefront_shop,
          nicolae_shop_hallway_plus, shop
D:3:      layout_loops_ring, gammafunk_temple_overflow_claw, serial_shops,
          nicolae_shop_overgrown_old_shop, uniq_grinder
D:4:      minmay_thick_lines, layout_basic, nicolae_ru_awakened_eye,
          fedhas_altar_2, hangedman_abyss_or_decor_passed,
          kennysheep_flooded_box, hangedman_abyss_or_decor_jellyfish_corner
D:5:      layout_basic, lemuel_tele_altar, serial_shops,
          nicolae_shop_advertising_works [nicolae_subvault_shop_adworks],
          uniq_eustachio
D:6:      layout_basic, grunt_nemelex_the_gamble, serial_shops,
          nicolae_shop_overgrown_old_shop, uniq_pikel, uniq_duvessa
D:7:      layout_basic, lemuel_round_altar, temple_statues
D:8:      layout_loops_ring, enter_bailey_5, item_on_display_a, uniq_erica
D:9:      layout_roguey, mainiacjoe_overflow_alcove_2
D:10:     layout_basic, amcnicky_altar_gilded,
          nicolae_gozag_cash_rules_everything_around_me, lair_entry_dummy,
          uniq_snorg
Temple:   grunt_temple_mini_profane
Lair:1:   layout_cave_pods
Lair:2:   layout_cave_pods, elwin_shoals_entry_rocks,
          hellmonk_spider_entry_not_the_bees, chequers_serial_rivers_micro_b,
          serial_bayou_shore_a, uniq_amaemon, uniq_sonja
Lair:3:   lemuel_ratsnest, layout_misc_corridors, grunt_megastairs_4,
          uniq_gastronok
Lair:4:   layout_big_grid, slime_entry_1, basic_altar,
          infiniplex_staircase_pool_2, grunt_megastairs_1
Lair:5:   gammafunk_lair_ancient_temple, layout_regular_city

Skill      XL: |  1  2  3  4  5  6  7  8  9 10 11 12 13 |
---------------+----------------------------------------+-----
Short Blades   | 2 3 4 5 6 8 10 | 10.0
Stealth        | 5 6 7 9 11 12 13 | 13.0
Hexes          | 4 5 6 8 |  8.9
Air Magic      | 4 5 6 |  6.0
Conjurations   | 3 4 |  4.0
Invocations    | 2 5 6 9 |  9.0
Dodging        | 3 7 9 11 | 11.7
Fighting       | 1 4 6 8 |  8.8
Shields        | 1 3 4 |  4.0
Transmutations | 2 3 |  3.0
Earth Magic    | 2 3 |  3.0
Spellcasting   | |  2.1

Action                     |  1- 3 |  4- 6 |  7- 9 | 10-12 | 13-15 || total
---------------------------+-------+-------+-------+-------+-------++-------
  Melee: Dagger            |    72 |    71 |   186 |   470 |   430 ||  1229
         Punch             |     1 |     1 |     2 |     1 |       ||     5
         Quarterstaff      |       |       |     5 |       |       ||     5
  Throw: Dart              |       |       |       |     3 |       ||     3
   Cast: Confusing Touch   |       |       |       |     1 |    26 ||    27
         Dazzling Flash    |       |       |       |     1 |    10 ||    11
         Swiftness         |       |       |       |       |     2 ||     2
         Passwall          |       |       |       |       |     2 ||     2
  Evoke: Wand              |       |       |     1 |     3 |       ||     4
    Use: Scroll            |       |     2 |     4 |    10 |     6 ||    22
         Potion            |       |       |     1 |       |     1 ||     2
   Stab: Sleeping          |    19 |    11 |    28 |    40 |     6 ||   104
         Distracted        |       |       |     2 |     3 |     4 ||     9
         Invisible         |       |       |     4 |       |    10 ||    14
         Confused          |       |       |       |     2 |    21 ||    23
         Paralysed         |       |       |       |     1 |       ||     1
 Armour: Robe              |     7 |    15 |    36 |    72 |    42 ||   172
  Dodge: Dodged            |    37 |    28 |   104 |   293 |   260 ||   722
  Block: Buckler           |       |       |       |    90 |   117 ||   207

Table legend: (Time is in decaauts)
 A = Elapsed time spent in this place.
 B = Non-inter-level travel time spent in this place.
 C = Inter-level travel time spent in this place.
 D = Time resting spent in this place.
 E = Time spent auto-exploring this place.
 F = Levels seen in this place.
 G = Mean time per level.
                   A        B        C        D        E       F      G
               +--------+--------+--------+--------+--------+-----+--------+
         Total |  19615 |  17832 |   1783 |   5674 |   9023 |  16 | 1225.9 |
       Dungeon |  11615 |  10309 |   1306 |   2371 |   6257 |  10 | 1161.5 |
        Temple |     51 |      7 |     44 |      0 |      0 |   1 |   51.0 |
          Lair |   7948 |   7516 |    432 |   3303 |   2766 |   5 | 1589.6 |
               +--------+--------+--------+--------+--------+-----+--------+

Top non-repeatable levels by time:
  Lair:2: 2599 daAuts
  Lair:3: 2197 daAuts
     D:7: 1726 daAuts
     D:6: 1659 daAuts
  Lair:4: 1457 daAuts
     D:4: 1391 daAuts
  Lair:1: 1313 daAuts
     D:9: 1277 daAuts
     D:5: 1261 daAuts
     D:8: 1116 daAuts
     D:2: 996 daAuts
     D:3: 814 daAuts
     D:1: 807 daAuts
    D:10: 565 daAuts
  Lair:5: 381 daAuts
